TOP OF THE 1ST |
Norfolk Tides batting - Pitching for Scranton WB RailRiders : RHP Joe Kimbrough
|
Pitching: RHP Joe Kimbrough
|
|
Batting: RHB Bobby Scholl
|
0-0: Called Strike 0-1: Ball 1-1: Ball 2-1: Foul Ball, location: 2F 2-2: Ground out 6-3 (Groundball, 6, EV 92.5 MPH)
|
Batting: LHB Jose Chinchilla
|
0-0: Called Strike 0-1: Ball 1-1: Fly out, F9 (Flyball, 9, EV 72.5 MPH)
|
Batting: RHB Kory Sanchez
|
0-0: Ball 1-0: SINGLE (Line Drive, 4D, EV 103.8 MPH)
|
Batting: RHB Muneer Maudad
|
0-0: Called Strike Kory Sanchez is caught stealing 2nd base 2-4
|
Top of the 1st over - 0 runs, 1 hit, 0 errors, 0 left on base; Norfolk 0 - Scranton WB 0 |
BOTTOM OF THE 1ST |
Scranton WB RailRiders batting - Pitching for Norfolk Tides : LHP Freddy Gutierrez
|
Pitching: LHP Freddy Gutierrez
|
|
Batting: RHB Devon Utley
|
0-0: Called Strike 0-1: Ball 1-1: Foul Ball, location: 2F 1-2: Strikes out swinging
|
Batting: RHB Andy Wasierski
|
0-0: Ball 1-0: Ball 2-0: Ball 3-0: Called Strike 3-1: Foul Ball, location: 2F 3-2: Foul Ball, location: 2F 3-2: SINGLE (Groundball, 6M, EV 86.2 MPH) (infield hit)
|
Batting: SHB Mukhtar Wa'il
|
0-0: Called Strike Andy Wasierski steals 2nd, throwing error, E2 Andy Wasierski to third 0-1: Swinging Strike 0-2: Strikes out looking
|
Batting: SHB Ryan Buchbinder
|
0-0: Ball 1-0: Ball 2-0: Ball 3-0: Swinging Strike 3-1: Base on Balls
|
Batting: LHB Aaron Joyner
|
0-0: Ball 1-0: Ball 2-0: Called Strike 2-1: Swinging Strike 2-2: Ball 3-2: Foul Ball, location: 2F 3-2: Foul Ball, location: 2F 3-2: Foul Ball, location: 2F 3-2: Ground out 4-3 (Groundball, 34, EV 105.6 MPH)
|
Bottom of the 1st over - 0 runs, 1 hit, 1 error, 2 left on base; Norfolk 0 - Scranton WB 0 |
TOP OF THE 2ND |
Norfolk Tides batting - Pitching for Scranton WB RailRiders : RHP Joe Kimbrough
|
Batting: RHB Muneer Maudad
|
0-0: Fly out, F9 (Flyball, 89M, EV 86.2 MPH)
|
Batting: LHB Wes Goscinski
|
0-0: Ball 1-0: Ball 2-0: Ground out 6-3 (Groundball, 6M, EV 100.0 MPH)
|
Batting: RHB Mario Saez
|
0-0: Foul Ball, location: 2F 0-1: Ground out 6-3 (Groundball, 6, EV 87.5 MPH)
|
Top of the 2nd over - 0 runs, 0 hits, 0 errors, 0 left on base; Norfolk 0 - Scranton WB 0 |
BOTTOM OF THE 2ND |
Scranton WB RailRiders batting - Pitching for Norfolk Tides : LHP Freddy Gutierrez
|
Batting: RHB Josh Zoglmann
|
0-0: Ball 1-0: Ball 2-0: Foul Ball, location: 2F 2-1: Foul Ball, location: 2F 2-2: Strikes out swinging
|
Batting: LHB Dan Morris
|
0-0: SINGLE (Line Drive, 89S, EV 100.0 MPH)
|
Batting: SHB Jose Vargas
|
0-0: Ball 1-0: Foul Ball, location: 2F 1-1: Foul Ball, location: 2F 1-2: Grounds into double play, 5-4-3 (Groundball, 56, EV 84.4 MPH)
|
Bottom of the 2nd over - 0 runs, 1 hit, 0 errors, 0 left on base; Norfolk 0 - Scranton WB 0 |
TOP OF THE 3RD |
Norfolk Tides batting - Pitching for Scranton WB RailRiders : RHP Joe Kimbrough
|
Batting: SHB Ben Pierce
|
0-0: Called Strike 0-1: Ground out 6-3 (Groundball, 6M, EV 84.4 MPH)
|
Batting: LHB Tyler Allen
|
0-0: Ball 1-0: Swinging Strike 1-1: Foul Ball, location: 2F 1-2: Fly out, F2 (Popup, 23F, EV 90.0 MPH)
|
Batting: RHB Andy Bridger
|
0-0: Ball 1-0: Ground out 6-3 (Groundball, 6, EV 85.0 MPH)
|
Top of the 3rd over - 0 runs, 0 hits, 0 errors, 0 left on base; Norfolk 0 - Scranton WB 0 |
BOTTOM OF THE 3RD |
Scranton WB RailRiders batting - Pitching for Norfolk Tides : LHP Freddy Gutierrez
|
Batting: SHB Joe Fure
|
0-0: Ball 1-0: Ball 2-0: Foul Ball, location: 2F 2-1: Called Strike 2-2: Ball 3-2: Ground out 6-3 (Groundball, 6, EV 100.0 MPH)
|
Batting: RHB Devon Utley
|
0-0: Ball 1-0: Called Strike 1-1: Ball 2-1: Fly out, F4 (Popup, 3S, EV 82.5 MPH)
|
Batting: RHB Andy Wasierski
|
0-0: Ball 1-0: Ball 2-0: Ball 3-0: Called Strike 3-1: Swinging Strike 3-2: Base on Balls
|
Batting: SHB Mukhtar Wa'il
|
0-0: Ball 1-0: Ball 2-0: Swinging Strike 2-1: Ball 3-1: SINGLE (Groundball, 6MD, EV 98.8 MPH) Andy Wasierski to second Runner from 2nd tries for 3rd, SAFE after rundown.
|
Batting: SHB Ryan Buchbinder
|
0-0: Foul Ball, location: 2F 0-1: Fly out, F9 (Flyball, 9LD, EV 93.1 MPH)
|
Bottom of the 3rd over - 0 runs, 1 hit, 0 errors, 2 left on base; Norfolk 0 - Scranton WB 0 |
TOP OF THE 4TH |
Norfolk Tides batting - Pitching for Scranton WB RailRiders : RHP Joe Kimbrough
|
Batting: RHB Bobby Scholl
|
0-0: SINGLE (Groundball, 56S, EV 67.5 MPH) (infield hit)
|
Batting: LHB Jose Chinchilla
|
0-0: Grounds into double play, 6-4-3 (Groundball, 6, EV 101.9 MPH)
|
Batting: RHB Kory Sanchez
|
0-0: Fly out, F9 (Flyball, 89S, EV 80.6 MPH)
|
Top of the 4th over - 0 runs, 1 hit, 0 errors, 0 left on base; Norfolk 0 - Scranton WB 0 |
BOTTOM OF THE 4TH |
Scranton WB RailRiders batting - Pitching for Norfolk Tides : LHP Freddy Gutierrez
|
Batting: LHB Aaron Joyner
|
0-0: Called Strike 0-1: Called Strike 0-2: Ball 1-2: Foul Ball, location: 2F 1-2: Ball 2-2: Ball 3-2: Base on Balls
|
Batting: RHB Josh Zoglmann
|
0-0: Called Strike 0-1: Ball 1-1: SINGLE (Groundball, 13, EV 78.8 MPH) (infield hit) Aaron Joyner to second
|
Batting: LHB Dan Morris
|
0-0: Ball Aaron Joyner steals 3rd base Josh Zoglmann to second 1-0: Ball 2-0: TRIPLE (Flyball, 89XD, EV 103.1 MPH) Aaron Joyner scores Josh Zoglmann scores
|
Batting: SHB Jose Vargas
|
0-0: Ball 1-0: Swinging Strike 1-1: Swinging Strike 1-2: Fly out, F6 (Line Drive, 6, EV 76.2 MPH) Lined into DP, 6-5 (Line Drive, 6, EV 71.2 MPH)
|
Batting: SHB Joe Fure
|
0-0: Ball 1-0: Called Strike 1-1: Ball 2-1: Ball 3-1: Foul Ball, location: 2F 3-2: Foul Ball, location: 2F 3-2: Foul Ball, location: 2F 3-2: Ground out 4-3 (Groundball, 4, EV 83.8 MPH)
|
Bottom of the 4th over - 2 runs, 2 hits, 0 errors, 0 left on base; Norfolk 0 - Scranton WB 2 |
TOP OF THE 5TH |
Norfolk Tides batting - Pitching for Scranton WB RailRiders : RHP Joe Kimbrough
|
Batting: RHB Muneer Maudad
|
0-0: Ball 1-0: Foul Ball, location: 2F 1-1: SINGLE (Groundball, 56D, EV 107.5 MPH)
|
Batting: LHB Wes Goscinski
|
0-0: Ball 1-0: Ball 2-0: Foul Ball, location: 2F 2-1: Ball 3-1: Called Strike 3-2: Foul Ball, location: 2F 3-2: Base on Balls Muneer Maudad to second
|
Batting: RHB Mario Saez
|
0-0: Ball 1-0: Swinging Strike 1-1: Ball 2-1: Ball 3-1: Called Strike 3-2: DOUBLE (Line Drive, 7LD, EV 106.9 MPH) Muneer Maudad scores Wes Goscinski to third
|
Batting: SHB Ben Pierce
|
0-0: Called Strike 0-1: SINGLE (Line Drive, 78M, EV 103.8 MPH) Wes Goscinski scores Mario Saez to third
|
Batting: LHB Tyler Allen
|
0-0: Called Strike 0-1: Called Strike 0-2: Ball 1-2: Strikes out swinging
|
Batting: RHB Andy Bridger
|
0-0: Ground out 5-3 (Groundball, 5S, EV 78.8 MPH) Ben Pierce to second
|
Batting: RHB Bobby Scholl
|
0-0: Swinging Strike 0-1: Ball 1-1: Ball 2-1: Fly out, F7 (Flyball, 78S, EV 95.0 MPH)
|
Top of the 5th over - 2 runs, 3 hits, 0 errors, 2 left on base; Norfolk 2 - Scranton WB 2 |
BOTTOM OF THE 5TH |
Scranton WB RailRiders batting - Pitching for Norfolk Tides : LHP Freddy Gutierrez
|
Batting: RHB Devon Utley
|
0-0: Ball 1-0: Called Strike 1-1: Fly out, F6 (Popup, 6MD, EV 49.4 MPH)
|
Batting: RHB Andy Wasierski
|
0-0: Ball 1-0: Ball 2-0: Ball 3-0: Called Strike 3-1: Foul Ball, location: 2F 3-2: Base on Balls
|
Pitching: LHP Joel Beery
|
|
Batting: SHB Mukhtar Wa'il
|
0-0: Called Strike Andy Wasierski steals 2nd base 0-1: Ball 1-1: Ball 2-1: SINGLE (Flyball, 9S, EV 85.6 MPH) Andy Wasierski to third Runner from 3rd tries for Home, SAFE, throw by RF to home Mukhtar Wa'il to second
|
Batting: SHB Ryan Buchbinder
|
0-0: Ball 1-0: Ball 2-0: Ball 3-0: Called Strike 3-1: Ground out 6-3 (Groundball, 6, EV 98.1 MPH)
|
Batting: LHB Aaron Joyner
|
0-0: Ball Wild Pitch! Mukhtar Wa'il to third 1-0: Ball 2-0: Called Strike 2-1: Foul Ball, location: 2F 2-2: Fly out, F7 (Flyball, 7D, EV 79.4 MPH)
|
Bottom of the 5th over - 1 run, 1 hit, 0 errors, 1 left on base; Norfolk 2 - Scranton WB 3 |
TOP OF THE 6TH |
Norfolk Tides batting - Pitching for Scranton WB RailRiders : RHP Joe Kimbrough
|
Batting: LHB Jose Chinchilla
|
0-0: Fly out, F5 (Line Drive, 56, EV 76.9 MPH)
|
Batting: RHB Kory Sanchez
|
0-0: Called Strike 0-1: Ball 1-1: Ball 2-1: Called Strike 2-2: Ball 3-2: Foul Ball, location: 2F 3-2: Fly out, F9 (Flyball, 9LM, EV 91.2 MPH)
|
Batting: RHB Muneer Maudad
|
0-0: Ball 1-0: Ball 2-0: Called Strike 2-1: Ground out 5-3 (Groundball, 56, EV 106.2 MPH)
|
Top of the 6th over - 0 runs, 0 hits, 0 errors, 0 left on base; Norfolk 2 - Scranton WB 3 |
BOTTOM OF THE 6TH |
Scranton WB RailRiders batting - Pitching for Norfolk Tides : LHP Joel Beery
|
Batting: RHB Josh Zoglmann
|
0-0: Called Strike 0-1: Ground out 6-3 (Groundball, 6, EV 83.1 MPH)
|
Batting: LHB Dan Morris
|
0-0: Ball 1-0: Foul Ball, location: 2F 1-1: SINGLE (Groundball, 56D, EV 107.5 MPH)
|
Batting: SHB Jose Vargas
|
0-0: Called Strike 0-1: Ball 1-1: Ball 2-1: Fly out, F8 (Line Drive, 8RS, EV 88.1 MPH)
|
Batting: SHB Joe Fure
|
0-0: Ball 1-0: Called Strike Dan Morris steals 2nd base (no throw) 1-1: Called Strike 1-2: Ground out U3 (Groundball, 34, EV 90.6 MPH)
|
Bottom of the 6th over - 0 runs, 1 hit, 0 errors, 1 left on base; Norfolk 2 - Scranton WB 3 |
TOP OF THE 7TH |
Norfolk Tides batting - Pitching for Scranton WB RailRiders : RHP Joe Kimbrough
|
Batting: LHB Wes Goscinski
|
0-0: Foul Ball, location: 2F 0-1: Called Strike 0-2: Foul Ball, location: 2F 0-2: Ball 1-2: Ball 2-2: SINGLE (Flyball, 4D, EV 83.8 MPH)
|
Batting: RHB Mario Saez
|
0-0: Ball 1-0: Ball 2-0: Foul Ball, location: 2F 2-1: Swinging Strike 2-2: Foul Ball, location: 2F 2-2: Ball 3-2: Base on Balls Wes Goscinski to second
|
Pinch Runner at 2nd James Betron:
|
|
Batting: SHB Ben Pierce
|
0-0: Foul Ball, location: 2F 0-1: Bunted foul 0-2: 3-RUN HOME RUN (Flyball, 9D, EV 96.2 MPH), Distance : 376 ft
|
Pitching: RHP Jim Milch
|
|
Batting: LHB Tyler Allen
|
0-0: Called Strike 0-1: Ball 1-1: Swinging Strike 1-2: Strikes out swinging
|
Batting: RHB Andy Bridger
|
0-0: Called Strike 0-1: Fly out, F8 (Flyball, 8RXD, EV 106.2 MPH)
|
Batting: RHB Bobby Scholl
|
0-0: Called Strike 0-1: Foul Ball, location: 2F 0-2: Ground out 6-3 (Groundball, 6, EV 84.4 MPH)
|
Top of the 7th over - 3 runs, 2 hits, 0 errors, 0 left on base; Norfolk 5 - Scranton WB 3 |
BOTTOM OF THE 7TH |
Scranton WB RailRiders batting - Pitching for Norfolk Tides : LHP Joel Beery
|
Now at 1B: Muneer Maudad
|
|
Now in LF: James Betron
|
|
Batting: RHB Devon Utley
|
0-0: Called Strike 0-1: Ball 1-1: Ball 2-1: Swinging Strike 2-2: Strikes out looking
|
Batting: RHB Andy Wasierski
|
0-0: Called Strike 0-1: Ball 1-1: Ball 2-1: Ground out 4-3 (Groundball, 4MD, EV 86.2 MPH)
|
Batting: SHB Mukhtar Wa'il
|
0-0: Ball 1-0: Swinging Strike 1-1: Ball 2-1: Swinging Strike 2-2: SINGLE (Flyball, 6D, EV 86.9 MPH) - OUT at second base trying to stretch hit.
|
Bottom of the 7th over - 0 runs, 1 hit, 0 errors, 0 left on base; Norfolk 5 - Scranton WB 3 |
TOP OF THE 8TH |
Norfolk Tides batting - Pitching for Scranton WB RailRiders : RHP Jim Milch
|
Batting: LHB Jose Chinchilla
|
0-0: Called Strike 0-1: Ball 1-1: Ball 2-1: Fly out, F9 (Flyball, 9S, EV 81.2 MPH)
|
Batting: RHB Kory Sanchez
|
0-0: Reached on error, E2 (Groundball, 13S, EV 68.1 MPH)
|
Batting: RHB Muneer Maudad
|
0-0: Swinging Strike 0-1: Ball 1-1: Swinging Strike 1-2: Strikes out swinging
|
Batting: LHB James Betron
|
0-0: Ground out 4-3 (Groundball, 4, EV 81.9 MPH)
|
Top of the 8th over - 0 runs, 0 hits, 1 error, 1 left on base; Norfolk 5 - Scranton WB 3 |
BOTTOM OF THE 8TH |
Scranton WB RailRiders batting - Pitching for Norfolk Tides : LHP Joel Beery
|
Pitching: RHP Corey Rizzuto
|
|
Batting: SHB Ryan Buchbinder
|
0-0: Foul Ball, location: 2F 0-1: Ball 1-1: Foul Ball, location: 2F 1-2: Ball 2-2: Fly out, F8 (Flyball, 8LD, EV 99.4 MPH)
|
Batting: LHB Aaron Joyner
|
0-0: Ball 1-0: Ball 2-0: Ball 3-0: Swinging Strike 3-1: Swinging Strike 3-2: Foul Ball, location: 2F 3-2: Foul Ball, location: 2F 3-2: Foul Ball, location: 2F 3-2: Base on Balls
|
Pinch Hitting: LHB Paul Diaz
|
0-0: Swinging Strike 0-1: Ball 1-1: Called Strike 1-2: Ball 2-2: Foul Ball, location: 2F 2-2: Strikes out looking
|
Batting: LHB Dan Morris
|
0-0: Ball Pickoff Throw by Catcher to First - Error! E2 Aaron Joyner to second 1-0: Ground out 4-3 (Groundball, 34, EV 111.2 MPH)
|
Bottom of the 8th over - 0 runs, 0 hits, 1 error, 1 left on base; Norfolk 5 - Scranton WB 3 |
TOP OF THE 9TH |
Norfolk Tides batting - Pitching for Scranton WB RailRiders : RHP Jim Milch
|
Now at 2B: Paul Diaz
|
|
Now at SS: Andy Wasierski
|
|
Batting: RHB Mario Saez
|
0-0: Foul Ball, location: 2F 0-1: Swinging Strike 0-2: Ball 1-2: Foul Ball, location: 2F 1-2: Strikes out swinging
|
Batting: SHB Ben Pierce
|
0-0: Ball 1-0: Called Strike 1-1: Ball 2-1: Called Strike 2-2: Ball 3-2: Strikes out swinging
|
Batting: LHB Tyler Allen
|
0-0: Ball 1-0: Called Strike 1-1: Called Strike 1-2: Ground out 4-3 (Groundball, 4D, EV 105.0 MPH)
|
Top of the 9th over - 0 runs, 0 hits, 0 errors, 0 left on base; Norfolk 5 - Scranton WB 3 |
BOTTOM OF THE 9TH |
Scranton WB RailRiders batting - Pitching for Norfolk Tides : RHP Corey Rizzuto
|
Pitching: RHP Brent Widder
|
|
Now at 1B: Pat Shaddock
|
|
Batting: SHB Jose Vargas
|
0-0: Ball 1-0: Ball 2-0: Ball 3-0: Called Strike 3-1: SINGLE (Groundball, 4MD, EV 108.1 MPH)
|
Batting: SHB Joe Fure
|
0-0: Called Strike 0-1: Swinging Strike 0-2: Strikes out swinging
|
Batting: RHB Devon Utley
|
0-0: Foul Ball, location: 2F 0-1: Ball 1-1: Foul Ball, location: 2F 1-2: Ball 2-2: Ball 3-2: Fly out, F3 (Popup, 23, EV 78.8 MPH)
|
Batting: RHB Andy Wasierski
|
0-0: Swinging Strike 0-1: Ball 1-1: Ball 2-1: Ball 3-1: Called Strike 3-2: Foul Ball, location: 2F 3-2: Foul Ball, location: 2F 3-2: Base on Balls Jose Vargas to second
|
Batting: SHB Mukhtar Wa'il
|
0-0: Fly out, F8 (Flyball, 8LS, EV 73.1 MPH)
|
Bottom of the 9th over - 0 runs, 1 hit, 0 errors, 2 left on base; Norfolk 5 - Scranton WB 3 |
|